[ AOE2 MATCH · #505888721 ]
UnrankedVietnamese vs Wei
Rival team · LOSS
[ REPLAY ANALYSIS · EXTRACTED FROM THE RECORDED GAME ]
Feudal
9:00
Castle
20:23
Imperial
43:28
| APM avg | 62.6 |
| APM peak | 100 |
| eAPM avg | 39.0 |
| Villagers / military | 224 / 295 |
Focus
⚔️ 41.0% · 🌾 59.0%
Fire Lancer ×121 · Scout Cavalry ×58 · Knight ×35 · Rattan Archer ×33 · Archer ×15 · Monk ×8
Feudal
9:23
Castle
24:22
Imperial
43:16
| APM avg | 51.2 |
| APM peak | 91 |
| eAPM avg | 31.6 |
| Villagers / military | 271 / 51 |
Focus
⚔️ 38.1% · 🌾 61.9%
Unknown (1949) ×49 · Unknown (1952) ×38 · Skirmisher ×22 · Spearman ×17 · Scout Cavalry ×6 · Unknown (1942) ×5
Match map
Initial resources + every placement click. Lines = walls · curves = elevation contours. ◆ gold · ⬟ stone · ● berries · ✦ relic · ◌ wall gap
Your base· Open — 4t gap
Crankshaft's base· Open — 3t gap
Smoothed initial terrain · ◌ = detected wall gap · hover for details
Inputs per minute
— QuEnDi.kelar - - Crankshaft
Build order — QuEnDi.kelar
First 150 of 703 actions detected
| 0:00 | Create | Villager (Male) |
| 0:00 | Create | Villager (Male) |
| 0:00 | Create | Villager (Male) |
| 0:07 | Build | House |
| 0:09 | Build | House |
| 0:10 | Create | Villager (Male) |
| 0:11 | Create | Villager (Male) |
| 1:36 | Create | Villager (Male) |
| 1:36 | Create | Villager (Male) |
| 1:56 | Create | Villager (Male) |
| 1:56 | Create | Villager (Male) |
| 2:22 | Build | Lumber Camp |
| 2:27 | Create | Villager (Male) |
| 2:27 | Create | Villager (Male) |
| 2:53 | Create | Villager (Male) |
| 2:53 | Create | Villager (Male) |
| 3:19 | Create | Villager (Male) |
| 3:19 | Create | Villager (Male) |
| 3:42 | Create | Villager (Male) |
| 3:42 | Create | Villager (Male) |
| 4:04 | Build | House |
| 4:05 | Create | Villager (Male) |
| 4:17 | Build | Palisade Wall |
| 4:25 | Create | Villager (Male) |
| 4:38 | Create | Villager (Male) |
| 4:38 | Create | Villager (Male) |
| 5:16 | Build | Barracks |
| 5:29 | Create | Villager (Male) |
| 5:33 | Create | Villager (Male) |
| 5:37 | Research | Loom |
| 6:19 | Build | House |
| 6:50 | Research | Feudal Age |
| 6:50 | Research | Feudal Age |
| 6:50 | Research | Feudal Age |
| 7:15 | Create | Militia |
| 7:15 | Create | Militia |
| 7:15 | Create | Militia |
| 7:20 | Build | Mining Camp |
| 7:48 | Create | Militia |
| 8:07 | Create | Villager (Male) |
| 8:42 | Build | House |
| 9:00 | Age | Feudal Age |
| 9:03 | Research | Man-at-Arms (upgrade) |
| 9:03 | Create | Villager (Male) |
| 9:06 | Build | Archery Range |
| 9:16 | Build | House |
| 9:27 | Create | Villager (Male) |
| 9:38 | Create | Villager (Male) |
| 9:43 | Research | Double-Bit Axe |
| 9:55 | Create | Villager (Male) |
| 10:06 | Create | Archer |
| 10:06 | Create | Archer |
| 10:09 | Create | Villager (Male) |
| 10:15 | Create | Spearman |
| 10:15 | Create | Spearman |
| 10:17 | Create | Villager (Male) |
| 10:26 | Build | Mill |
| 10:42 | Create | Archer |
| 11:05 | Create | Archer |
| 11:06 | Create | Villager (Male) |
| 11:27 | Create | Villager (Male) |
| 11:41 | Create | Archer |
| 11:41 | Create | Villager (Male) |
| 11:45 | Build | Farm |
| 12:13 | Build | House |
| 12:14 | Research | Horse Collar |
| 12:14 | Research | Horse Collar |
| 12:18 | Build | Farm |
| 12:19 | Build | Farm |
| 12:20 | Build | Farm |
| 12:38 | Create | Villager (Male) |
| 12:39 | Build | Farm |
| 12:55 | Create | Militia |
| 12:55 | Create | Militia |
| 13:07 | Create | Villager (Male) |
| 13:09 | Build | Farm |
| 13:11 | Create | Archer |
| 13:11 | Create | Archer |
| 13:36 | Create | Villager (Male) |
| 13:40 | Build | House |
| 13:41 | Build | House |
| 14:01 | Create | Villager (Male) |
| 14:02 | Create | Archer |
| 14:22 | Create | Villager (Male) |
| 14:36 | Build | Stable |
| 14:40 | Create | Archer |
| 14:50 | Build | Farm |
| 14:51 | Create | Villager (Male) |
| 14:57 | Create | Archer |
| 15:00 | Create | Villager (Male) |
| 15:32 | Create | Archer |
| 15:32 | Create | Villager (Male) |
| 15:34 | Build | Farm |
| 15:35 | Build | Farm |
| 15:37 | Create | Scout Cavalry |
| 15:38 | Create | Scout Cavalry |
| 16:00 | Create | Villager (Male) |
| 16:02 | Build | Blacksmith |
| 16:18 | Create | Scout Cavalry |
| 16:18 | Create | Villager (Male) |
| 16:20 | Create | Archer |
| 16:24 | Build | Farm |
| 16:51 | Build | Farm |
| 16:54 | Create | Villager (Male) |
| 17:02 | Create | Villager (Male) |
| 17:27 | Create | Archer |
| 17:41 | Build | Lumber Camp |
| 17:43 | Research | Castle Age |
| 17:45 | Research | Fletching |
| 18:13 | Build | Farm |
| 18:15 | Build | Watch Tower |
| 18:24 | Research | Scale Barding Armor |
| 18:27 | Create | Archer |
| 18:33 | Build | Stable |
| 18:57 | Create | Scout Cavalry |
| 19:19 | Create | Scout Cavalry |
| 19:20 | Create | Scout Cavalry |
| 19:24 | Create | Archer |
| 19:45 | Build | Market |
| 19:49 | Build | Farm |
| 19:51 | Build | Farm |
| 19:54 | Build | Farm |
| 20:09 | Create | Villager (Male) |
| 20:23 | Age | Castle Age |
| 20:24 | Create | Knight |
| 20:25 | Create | Knight |
| 20:27 | Create | Villager (Male) |
| 20:27 | Create | Villager (Male) |
| 20:36 | Create | Knight |
| 20:37 | Create | Knight |
| 20:37 | Create | Knight |
| 20:37 | Create | Knight |
| 21:08 | Create | Villager (Male) |
| 21:13 | Research | Husbandry |
| 21:26 | Create | Villager (Male) |
| 21:35 | Create | Knight |
| 21:39 | Create | Villager (Male) |
| 21:44 | Build | House |
| 21:44 | Build | House |
| 22:17 | Create | Knight |
| 22:18 | Create | Knight |
| 22:27 | Build | Farm |
| 22:27 | Build | Farm |
| 22:27 | Build | Farm |
| 22:27 | Build | Farm |
| 22:27 | Build | Farm |
| 22:37 | Create | Villager (Male) |
| 22:37 | Create | Villager (Male) |
| 22:46 | Create | Knight |
| 22:46 | Create | Knight |
Build order — Crankshaft
First 150 of 693 actions detected
| 0:01 | Create | Villager (Male) |
| 0:03 | Build | House |
| 0:06 | Build | House |
| 0:08 | Create | Villager (Male) |
| 0:10 | Create | Villager (Male) |
| 0:19 | Create | Villager (Male) |
| 1:28 | Create | Villager (Male) |
| 1:28 | Create | Villager (Male) |
| 1:48 | Create | Villager (Male) |
| 1:58 | Build | Lumber Camp |
| 2:29 | Create | Villager (Male) |
| 2:29 | Create | Villager (Male) |
| 2:49 | Create | Villager (Male) |
| 2:49 | Create | Villager (Male) |
| 3:06 | Create | Villager (Male) |
| 3:06 | Create | Villager (Male) |
| 3:48 | Create | Villager (Male) |
| 3:48 | Create | Villager (Male) |
| 3:50 | Create | Villager (Male) |
| 4:05 | Build | House |
| 4:19 | Create | Villager (Male) |
| 4:19 | Create | Villager (Male) |
| 4:27 | Build | Mill |
| 4:57 | Create | Villager (Male) |
| 4:57 | Create | Villager (Male) |
| 5:35 | Create | Villager (Male) |
| 5:38 | Create | Villager (Male) |
| 5:38 | Create | Villager (Male) |
| 5:39 | Create | Villager (Male) |
| 6:45 | Research | Loom |
| 6:48 | Build | House |
| 7:11 | Build | Barracks |
| 7:13 | Research | Feudal Age |
| 7:13 | Research | Feudal Age |
| 8:15 | Build | Lumber Camp |
| 8:32 | Build | Palisade Wall |
| 8:33 | Build | Palisade Wall |
| 8:35 | Build | Palisade Wall |
| 8:38 | Build | Palisade Wall |
| 8:39 | Build | Palisade Wall |
| 9:23 | Age | Feudal Age |
| 9:25 | Create | Villager (Male) |
| 9:27 | Build | Archery Range |
| 9:31 | Research | Double-Bit Axe |
| 9:31 | Create | Villager (Male) |
| 9:34 | Create | Spearman |
| 10:00 | Build | House |
| 10:04 | Create | Villager (Male) |
| 10:10 | Create | Villager (Male) |
| 10:11 | Create | Spearman |
| 10:19 | Create | Spearman |
| 10:26 | Build | House |
| 10:26 | Create | Skirmisher |
| 10:41 | Build | Palisade Wall |
| 10:47 | Create | Skirmisher |
| 11:09 | Create | Skirmisher |
| 11:10 | Build | House |
| 11:11 | Create | Villager (Male) |
| 11:20 | Create | Skirmisher |
| 11:32 | Research | Horse Collar |
| 11:32 | Create | Villager (Male) |
| 11:44 | Create | Skirmisher |
| 11:56 | Build | Blacksmith |
| 12:09 | Create | Skirmisher |
| 12:16 | Create | Villager (Male) |
| 12:29 | Create | Villager (Male) |
| 12:34 | Build | Farm |
| 12:34 | Build | Farm |
| 12:34 | Build | Farm |
| 12:34 | Build | Farm |
| 12:35 | Build | Farm |
| 12:35 | Build | Farm |
| 12:35 | Build | Farm |
| 12:39 | Create | Villager (Male) |
| 12:46 | Create | Villager (Male) |
| 12:51 | Build | House |
| 13:03 | Create | Skirmisher |
| 13:04 | Create | Skirmisher |
| 13:09 | Create | Skirmisher |
| 13:19 | Build | Farm |
| 13:20 | Build | Farm |
| 13:23 | Create | Skirmisher |
| 13:26 | Create | Villager (Male) |
| 13:38 | Create | Spearman |
| 13:43 | Build | Farm |
| 13:45 | Create | Villager (Male) |
| 14:04 | Create | Villager (Male) |
| 14:15 | Create | Skirmisher |
| 14:18 | Create | Villager (Male) |
| 14:20 | Build | Farm |
| 14:21 | Build | Farm |
| 14:21 | Build | Farm |
| 14:31 | Create | Skirmisher |
| 14:34 | Build | Mill |
| 14:41 | Create | Skirmisher |
| 14:46 | Build | Farm |
| 14:49 | Build | Farm |
| 14:51 | Build | Farm |
| 14:59 | Build | Farm |
| 15:01 | Build | House |
| 15:02 | Create | Villager (Male) |
| 15:03 | Create | Skirmisher |
| 15:28 | Create | Skirmisher |
| 15:33 | Create | Villager (Male) |
| 15:37 | Create | Villager (Male) |
| 15:41 | Build | Farm |
| 15:42 | Create | Skirmisher |
| 15:47 | Create | Spearman |
| 15:56 | Research | Fletching |
| 16:11 | Create | Skirmisher |
| 16:13 | Create | Skirmisher |
| 16:14 | Build | Farm |
| 16:16 | Build | Farm |
| 16:17 | Build | Farm |
| 16:19 | Build | Farm |
| 16:20 | Create | Villager (Male) |
| 16:22 | Create | Villager (Male) |
| 16:27 | Build | Stable |
| 16:30 | Build | Farm |
| 16:36 | Create | Skirmisher |
| 16:41 | Create | Skirmisher |
| 16:42 | Create | Villager (Male) |
| 16:48 | Create | Skirmisher |
| 16:58 | Build | Farm |
| 17:20 | Create | Spearman |
| 17:26 | Create | Scout Cavalry |
| 17:27 | Create | Scout Cavalry |
| 17:28 | Build | Farm |
| 17:30 | Build | Farm |
| 17:30 | Create | Villager (Male) |
| 17:32 | Build | House |
| 17:38 | Create | Villager (Male) |
| 17:42 | Build | House |
| 17:49 | Create | Scout Cavalry |
| 18:28 | Create | Scout Cavalry |
| 18:32 | Research | Scale Barding Armor |
| 18:35 | Create | Villager (Male) |
| 18:37 | Build | Farm |
| 18:38 | Build | Farm |
| 18:39 | Create | Villager (Male) |
| 18:48 | Build | Mining Camp |
| 18:57 | Create | Skirmisher |
| 19:09 | Create | Villager (Male) |
| 19:32 | Create | Villager (Male) |
| 19:35 | Create | Villager (Male) |
| 19:40 | Create | Villager (Male) |
| 19:45 | Create | Villager (Male) |
| 19:46 | Create | Villager (Male) |
| 19:48 | Create | Scout Cavalry |
| 19:55 | Create | Scout Cavalry |
Match timeline
| 4:17 | QuEnDi.kelar · wall_segment Palisade Wall x1 |
| 5:16 | QuEnDi.kelar · first_building Barracks |
| 7:11 | Crankshaft · first_building Barracks |
| 8:32 | Crankshaft · wall_segment Palisade Wall x1 |
| 8:33 | Crankshaft · wall_segment Palisade Wall x1 |
| 8:35 | Crankshaft · wall_segment Palisade Wall x1 |
| 8:38 | Crankshaft · wall_segment Palisade Wall x1 |
| 8:39 | Crankshaft · wall_segment Palisade Wall x1 |
| 9:00 | QuEnDi.kelar · age_up feudal |
| 9:06 | QuEnDi.kelar · first_building Archery Range |
| 9:23 | Crankshaft · age_up feudal |
| 9:27 | Crankshaft · first_building Archery Range |
| 10:41 | Crankshaft · wall_segment Palisade Wall x1 |
| 14:36 | QuEnDi.kelar · first_building Stable |
| 16:27 | Crankshaft · first_building Stable |
| 20:23 | QuEnDi.kelar · age_up castle |
| 20:35 | QuEnDi.kelar · first_market_sell 100 wood |
| 21:24 | Crankshaft · wall_segment Palisade Wall x1 |
| 21:38 | Crankshaft · first_market_sell 500 wood |
| 21:46 | Crankshaft · wall_segment Palisade Wall x1 |
| 21:52 | Crankshaft · wall_segment Palisade Wall x1 |
| 23:30 | Crankshaft · wall_segment Palisade Wall x1 |
| 23:34 | QuEnDi.kelar · first_market_buy 100 stone |
| 24:16 | Crankshaft · wall_segment Palisade Wall x1 |
| 24:22 | Crankshaft · age_up castle |
| 24:32 | Crankshaft · first_market_buy 100 stone |
| 24:39 | QuEnDi.kelar · first_building Siege Workshop |
| 24:39 | Crankshaft · first_building Monastery |
| 28:30 | Crankshaft · first_building Siege Workshop |
| 30:08 | QuEnDi.kelar · first_building Monastery |
| 30:47 | Crankshaft · first_building Castle |
| 35:56 | QuEnDi.kelar · first_building Castle |
| 36:02 | Crankshaft · wall_segment Stone Wall x1 |
| 36:53 | QuEnDi.kelar · wall_segment Stone Wall x6 |
| 36:54 | QuEnDi.kelar · wall_segment Stone Wall x6 |
| 36:55 | QuEnDi.kelar · wall_segment Stone Wall x6 |
| 37:07 | Crankshaft · wall_segment Palisade Wall x1 |
| 37:08 | Crankshaft · wall_segment Palisade Wall x1 |
| 37:15 | Crankshaft · wall_segment Palisade Wall x1 |
| 37:16 | Crankshaft · wall_segment Palisade Wall x1 |
| 37:18 | Crankshaft · wall_segment Palisade Wall x1 |
| 43:16 | Crankshaft · age_up imperial |
| 43:28 | QuEnDi.kelar · age_up imperial |
| 46:11 | Crankshaft · wall_segment Stone Wall x1 |
| 46:12 | Crankshaft · wall_segment Stone Wall x1 |
| 46:27 | Crankshaft · wall_segment Stone Wall x6 |
| 47:55 | Crankshaft · wall_segment Stone Wall x3 |
| 48:08 | Crankshaft · wall_segment Stone Wall x1 |
| 48:10 | Crankshaft · wall_segment Stone Wall x1 |
| 48:12 | Crankshaft · wall_segment Stone Wall x1 |
| 48:31 | QuEnDi.kelar · wall_segment Stone Wall x1 |
| 48:56 | Crankshaft · wall_segment Stone Wall x1 |
| 50:55 | Crankshaft · resign |
[ AI ANALYSIS · 1 CREDIT ]
What really happened in this match?
Wolo.gg analyzes every decision: build order, eco, micro, common mistakes by bracket. Personalized analysis on WhatsApp or Discord in 30 seconds.
Civ guide
Vietnamese
Perfil
Jugador #2048591